 Dungeon Crawl Stone Soup version 0.25-a0-700-g7f8a7979f0 (webtiles) character file.

Game seed: 16612709969622612960, levelgen mode: deterministic

142 kae the Ruffian (level 5, -2/40 HPs)
             Began as a Draconian Transmuter on Apr 2, 2020.
             Killed from afar by an orc wizard (9 damage)
             ... with a magic dart
             ... on level 3 of the Dungeon.
             The game lasted 00:01:58 (2484 turns).

kae the Ruffian (Draconian Transmuter)              Turns: 2484, Time: 00:01:59

Health: -2/40      AC:  5    Str: 12    XL:     5   Next: 3%
Magic:  1/9        EV: 12    Int: 15    God:
Gold:   132        SH:  0    Dex: 11    Spells: 3/9 levels left

rFire    . . .     SeeInvis .     - Unarmed
rCold    . . .     Gourm    .   (no shield)
rNeg     . . .     Faith    .   (armour unavailable)
rPois    .         Spirit   .   (helmet restricted)
rElec    .         Reflect  .   (no cloak)
rCorr    .         Harm     .   (no gloves)
MR       .....                  (boots currently unavailable)
Stlth    +.........             (no amulet)
HPRegen  0.13/turn              (no ring)
MPRegen  0.11/turn              (no ring)

@: appendage (expiring), very slightly contaminated
A: unfitting armour, talons 3, cold-blooded, AC +5
a: End Transformation


You were on level 3 of the Dungeon.
You were hungry.
You had grown temporary talons.
You visited 1 branch of the dungeon, and saw 3 of its levels.

You collected 132 gold pieces.

Inventory:

Missiles
 a - 25 arrows
Scrolls
 b - a scroll of blinking {unknown}
 d - 2 scrolls of identify {unknown}
 e - 2 scrolls of magic mapping {unknown}
 g - a scroll of enchant weapon {unknown}
 h - a scroll of teleportation {unknown}
Comestibles
 c - 2 rations


   Skills:
 - Level 1.1 Fighting
 - Level 1.7 Dodging
 * Level 4.6 Unarmed Combat
 + Level 2.9 Spellcasting
 + Level 3.1 Transmutations


You had 3 spell levels left.
You knew the following spells:

 Your Spells              Type           Power        Failure   Level  Hunger
a - Beastly Appendage     Tmut           ##....       5%          1    #......
b - Sticks to Snakes      Tmut           ##......     9%          2    ##.....
c - Spider Form           Tmut/Pois      #.........   32%         3    ###....

Your spell library contained the following spells:

 Spells                   Type           Power        Failure   Level  Hunger
 Ice Form                 Ice/Tmut       #.......     71%         4    #####..
 Blade Hands              Tmut           ##........   83%         5    ######.


Dungeon Overview and Level Annotations

Branches:
Dungeon (3/15)

Altars:
Fedhas

Portals:
Sewer: D:3


Innate Abilities, Weirdness & Mutations

Your plain brown scales are hard. (AC +5)
You cannot fit into any form of body armour.
You are cold-blooded and may be slowed by cold attacks.
You have claws for feet.


Message History

You hit something but do no damage. Your kick misses something.
You hear some strange, mumbled words.
You miss something. You claw something. Something hits you.
Something hits you but does no damage.
You miss something.
Your tail-slap misses something.
An orc wizard comes into view. It is wielding a +0 dagger.
You miss something.
The orc wizard shouts!
Something hits you. Something barely misses you.
It was a potion of curing.
You feel better. Something hits you.
A worm comes into view.
Your transformation is almost over.
Something hits you.
You hear some strange, mumbled words.
A puff of flame appears from out of thin air!
The puff of flame hits you!
* * * LOW HITPOINT WARNING * * *
The orc wizard points at you and mumbles some strange words.
The magic dart hits you!
You die...

.≈# ≈≈≈≈≈
#######.##≈≈≈≈≈
#.....#w≈≈.....≈≈..#
........≈≈.....≈≈..#
........≈≈..∩......#
........≈≈...≈.≈≈.#
.?......≈≈.....≈≈.
.......@##≈≈≈≈≈# #
....o...##≈≈≈≈≈##≈#
.........h......≈.#
.......#######.####
#.....# #.#
#####.########h#####
.........Shh...#
##.......<#....##
.#........####


You could see a worm and an orc wizard.

Vanquished Creatures
  4 gnolls (D:2)
  4 adders
  A river rat (D:3)
  A leopard gecko (D:1)
  2 giant cockroaches
  8 goblins
  5 hobgoblins
  3 jackals (D:3)
  A quokka (D:2)
  6 bats
  5 kobolds
  9 rats
49 creatures vanquished.

Vanquished Creatures (collateral kills)
  An adder (D:2)
  A ball python (D:2)
2 creatures vanquished.

Vanquished Creatures (others)
  6 fungi (D:2)
6 creatures vanquished.

Grand Total: 57 creatures vanquished

Notes
Turn   | Place    | Note
-------+----------+-------------------------------------------
     0 | D:1      | kae the Draconian Transmuter began the quest for the Orb.
     0 | D:1      | Reached XP level 1. HP: 16/16 MP: 3/3
   158 | D:1      | Reached XP level 2. HP: 12/23 MP: 3/5
   923 | D:1      | Learned a level 2 spell: Sticks to Snakes
  1155 | D:2      | Found a blossoming altar of Fedhas.
  1304 | D:2      | Reached XP level 3. HP: 10/28 MP: 3/6
  1565 | D:2      | Learned a level 3 spell: Spider Form
  1630 | D:2      | Reached skill level 4 in Unarmed Combat
  1662 | D:2      | Reached XP level 4. HP: 34/35 MP: 0/7
  2445 | D:3      | Found a glowing drain.
  2469 | D:3      | Reached XP level 5. HP: 23/40 MP: 0/9
  2484 | D:3      | Killed from afar by an orc wizard

Levels and vault maps discovered:
D:1:      dpeg_arrival_long_road, layout_basic, serial_glass, glass_columns_a,
          glass_columns_a, glass_columns_b, glass_columns_b, glass_columns_b,
          glass_columns_b, due_unseen_surprise, hangedman_decor_peaks_small
D:2:      layout_rooms, fedhas_altar_3
D:3:      minmay_bubble_buster, layout_rooms, old_standard_altar,
          cheibriados_altar_1, cheibrodos_sewer_entry_sluice,
          serial_corexii_hall, chequers_hall_statues_wall_a,
          corexii_hall_statues_t, chequers_hall_statues_wall_a,
          ebering_ghost_reflecting_pool, makhleb_altar_promises_db

Skill      XL: |  1  2  3  4 |
---------------+-------------+-----
Unarmed Combat | 4 |  4.6
Transmutations | 3 |  3.1
Fighting       | |  1.1
Dodging        | |  1.7
Spellcasting   | |  2.9

Action                   |  1- 3 |  4- 6 || total
-------------------------+-------+-------++-------
Melee: Unarmed           |   100 |    87 ||   187
       Kick              |     5 |     2 ||     7
       Tailslap          |     4 |     3 ||     7
       Punch             |     1 |     1 ||     2
       Headbutt          |       |     4 ||     4
 Cast: Beastly Appendage |    18 |     5 ||    23
       Sticks to Snakes  |     2 |     1 ||     3
       Spider Form       |     2 |     3 ||     5
  Use: Potion            |       |     1 ||     1
 Stab: Distracted        |     1 |       ||     1
  Eat: Chunk             |     3 |     3 ||     6
Armor: Skin              |    23 |    25 ||    48
Dodge: Dodged            |    73 |    81 ||   154

Table legend:
 A = Non-vault XP
 B = Vault XP
 C = Vault XP percentage of total XP
 D = Non-vault monster count
 E = Vault monster count
 F = Vault count percentage of total count
                 A         B        C        D         E       F
            +---------+---------+-------+---------+---------+-------
      Total |     187 |      16 |   7.9 |      48 |       3 |   5.9
            +---------+---------+-------+---------+---------+-------
        D:1 |      35 |       0 |   0.0 |      21 |       0 |   0.0
        D:2 |     133 |       0 |   0.0 |      23 |       0 |   0.0
        D:3 |      19 |      16 |  45.7 |       4 |       3 |  42.9
            +---------+---------+-------+---------+---------+-------
